Cogmind - Beta 14 @@@ ROGUE MODE // 2025.03.09 @ 20:24:28 Player: toydarian Result: Self-destructed Performance ------------- Evolutions (3) 1500 Regions Visited (6) 1200 Robots Destroyed (109) 545 Value Destroyed (4407) 4407 Prototype IDs (9) 180 Alien Tech Used (0) 0 Bonus (2002) 2002 TOTAL SCORE: 9834 Bonus ------- High Alert Combat Kills 574 Follower Combat Kills 528 Entered Garrisons 400 Used RIF Installer 500 Cogmind --------- Core Integrity 455/700 Matter 300/300 Energy 100/100 System Corruption 2% Temperature Cool (0) Movement Rolling (140) Ox4 Location -7/Garrison Parts ------- > --- POWER (1) -------- (None) > --- PROPULSION (2) --- Armored Treads Wheel > --- UTILITY (8) ------ High-capacity Storage Unit > --- WEAPON (2) ------- Power Sword > --- INVENTORY (20) --- Improved Heat Sink Relay Coupler [NC] (22) Relay Coupler [NC] (28) Relay Coupler [NC] (26) Relay Coupler [Cutter] (23) Relay Coupler [Brawler] (26) Relay Coupler [Duelist] (25) Relay Coupler [Sentry] (23) Enhanced Autogun Gauss Rifle Gauss Rifle Mini Grenade Launcher Peak State ------------ > --- POWER ------------ Enhanced Nuclear Core > --- PROPULSION ------- Armored Treads Armored Treads > --- UTILITY ---------- High-capacity Storage Unit Advanced Visual Processing Unit Signal Interpreter Improved Medium Armor Plating Relay Coupler [Grunt] Relay Coupler [Sentry] Relay Coupler [Specialist] Relay Coupler [Hunter] > --- WEAPON ----------- Remote Datajack Katana > --- INVENTORY -------- Improved Ion Engine Wheel Armored Wheel Improved Heat Sink Relay Coupler [NC] Relay Coupler [NC] Relay Coupler [NC] Relay Coupler [Cutter] Relay Coupler [Brawler] Relay Coupler [Duelist] Relay Coupler [Sentry] Relay Coupler [Sentry] Enhanced Autogun Gauss Rifle Gauss Rifle Mini Grenade Launcher [Rating: 48] Favorites ----------- Power Ion Engine Engine Ion Engine Power Core Enhanced Nuclear Core Propulsion Wheel Treads Armored Treads Wheel Wheel Hover Unit Aerolev Unit Utility High-capacity Storage Unit Device Improved Heat Sink Storage High-capacity Storage Unit Processor Signal Interpreter Hackware Relay Coupler [Sentry] Protection Improved Medium Armor Plating Weapon Assault Rifle Ballistic Gun Assault Rifle Launcher Mini Grenade Launcher Special Weapon Remote Datajack Impact Weapon Great Maul Slashing Weapon Katana Special Melee Weapon Improved Datajack Build | -11 -10 -9 -8 -8 -7 -7 ------- Run | Yrd Mat Mat Mat Gar Fac Gar Slots Evolved 6 | . . 2 2 . 2 . Power . | . . . . . . . Propulsion . | . . . . . . . Utility 6 | . . 2 2 . 2 . Weapon . | . . . . . . . Parts Attached 137 | 10 11 34 51 5 4 22 Power 11 | 1 1 4 2 1 1 1 Engine 9 | 1 1 4 1 1 . 1 Core 2 | . . . 1 . 1 . Reactor . | . . . . . . . Propulsion 40 | 4 5 14 11 1 . 5 Treads 14 | . 2 6 3 . . 3 Leg . | . . . . . . . Wheel 25 | 4 3 8 7 1 . 2 Hover 1 | . . . 1 . . . Flight . | . . . . . . . Utility 44 | 3 4 5 21 1 2 8 Device 12 | 2 . 1 8 . 1 . Storage 5 | 1 3 . 1 . . . Processor 4 | . . 1 3 . . . Hackware 7 | . . . 1 . 1 5 Protection 16 | . 1 3 8 1 . 3 Artifact . | . . . . . . . Weapon 42 | 2 1 11 17 2 1 8 Energy Gun . | . . . . . . . Energy Cannon . | . . . . . . . Ballistic Gun 29 | 2 1 10 11 . 1 4 Ballistic Cannon . | . . . . . . . Launcher 3 | . . 1 2 . . . Special Weapon 1 | . . . . . . 1 Impact Weapon 1 | . . . 1 . . . Slashing Weapon 7 | . . . 3 1 . 3 Piercing Weapon . | . . . . . . . Special Melee Weapon 1 | . . . . 1 . . Unidentified Prototypes 3 | . . . 2 . 1 . Parts Lost 34 | . 4 10 8 . 1 11 Power 5 | . . 3 1 . . 1 Propulsion 10 | . 2 3 2 . . 3 Utility 11 | . 1 2 4 . . 4 Weapon 8 | . 1 2 1 . 1 3 Highest Loss Streak 4 | . 3 3 2 . 1 4 To Critical Strikes . | . . . . . . . Average Slot Usage (%) 95 | . 100 99 97 100 85 86 Engine 7 | . 14 10 6 9 3 . Core 2 | . . . 2 . 3 6 Treads 4 | . 3 4 . 2 . 11 Wheel 14 | . 24 17 15 15 15 2 Device 8 | . 9 11 9 9 7 4 Storage 9 | . 14 11 9 9 7 7 Processor 12 | . . 11 18 18 15 14 Hackware 3 | . . . 3 . 1 13 Protection 11 | . 4 11 13 18 15 10 Ballistic Gun 13 | . 28 21 16 3 . 3 Slashing Weapon 2 | . . . . 6 7 5 Special Melee Weapon 1 | . . . . 7 6 . Peak Build Rating 48 | 7 8 21 33 33 41 48 Average Rating 25 | 5 7 14 28 32 35 39 On Entrance 20 | . 7 8 19 33 33 41 Naked Turns . | . . . . . . . Heaviest Build 79 | 13 51 62 73 67 66 79 Greatest Support 44 | 26 40 44 40 22 22 40 Greatest Overweight (x) 14 | 3 2 2 5 5 2 14 Average Overweight (x) 1 | . . 1 2 2 2 1 Largest Inventory Capacity 20 | 8 20 20 20 20 20 20 Average Capacity 18 | 7 13 20 20 20 20 20 Most Carried 20 | 8 16 20 20 20 20 19 Average Carried 16 | 5 11 18 19 19 19 15 Final Capacity 20 | 8 20 20 20 20 20 20 Final Carried 20 | 8 16 20 19 20 19 12 Class Distribution -------------------- 49% | Mutant 17% | Commander-Mutant 9% | Bothacker-Mutant 8% | Scavenger-Mutant 8% | Scavenger-Skirmisher 3% | Skirmisher Dominant Class ---------------- Mutant | -10/Materials Mutant | -9/Materials Scavenger-Skirmisher | -8/Materials Commander-Mutant | -8/Garrison Commander-Mutant | -7/Factory Mutant | -7/Garrison Resources | -11 -10 -9 -8 -8 -7 -7 ----------- Run | Yrd Mat Mat Mat Gar Fac Gar Matter Collected 3850 | 396 337 1051 1419 71 30 546 Remotely . | . . . . . . . Salvage Created 3893 | 170 395 1418 1616 19 . 275 Parts 242 | 17 31 83 99 . . 12 Haulers Intercepted 1 | . 1 . . . . . Recyclers Shooed 4 | . 2 2 . . . . Parts Field Recycled . | . . . . . . . Retrieved Matter . | . . . . . . . Parts Self-Destructed . | . . . . . . . Prevented . | . . . . . . . Kills | -11 -10 -9 -8 -8 -7 -7 ------- Run | Yrd Mat Mat Mat Gar Fac Gar Combat Hostiles Destroyed 87 | . 15 29 37 . . 6 Melee 1 | . . . . . . 1 Guns 76 | . 15 26 30 . . 5 AOE 10 | . . 3 7 . . . Classes Destroyed 16 | 3 4 5 3 . . 1 Worker 5 | 2 . 1 2 . . . Builder 1 | . . 1 . . . . Tunneler 6 | 4 . 1 1 . . . Hauler 1 | . 1 . . . . . Recycler 4 | 1 . 2 1 . . . Operator 3 | . . 1 2 . . . Watcher 2 | . 1 1 . . . . Swarmer 26 | . 11 4 10 . . 1 Grunt 33 | . 4 16 13 . . . Brawler 2 | . . 1 1 . . . Duelist 4 | . . 1 2 . . 1 Protector 1 | . . . 1 . . . Sentry 13 | . . 7 5 . . 1 Specialist 2 | . . . 2 . . . Hunter 3 | . . . 3 . . . Programmer 3 | . . . . . . 3 Best Kill Streak 7 | 5 5 6 7 . . 2 Combat Bots Only 6 | . 5 4 6 . . 2 Max Kills in Single Turn 4 | 1 1 2 4 . . 1 Gunslinging 1 | . . . 1 . . . Exploded 4 | . . 2 4 . . . Melee 1 | . . . . . . 1 Uniques/NPCs Destroyed . | . . . . . . . Combat | -11 -10 -9 -8 -8 -7 -7 -------- Run | Yrd Mat Mat Mat Gar Fac Gar Hostile Shots Fired 757 | . 94 158 212 . 58 235 Missed 218 | . 24 36 51 . 21 86 Damage Taken 6919 | . 602 1518 2338 . 651 1810 Core 896 | . 132 221 298 . 41 204 Absorbed by Shields . | . . . . . . . Core Remaining (%) 59 | 100 47 44 . 45 . . Volleys Fired 337 | 16 48 104 121 . 1 47 Largest 2 | 2 2 2 2 . 1 2 Hottest 58 | 40 40 53 58 . 28 56 Shots Fired 650 | 32 96 204 242 . 1 75 Gun 627 | 32 96 202 238 . 1 58 Cannon . | . . . . . . . Launcher 6 | . . 2 4 . . . Special 17 | . . . . . . 17 Kinetic 627 | 32 96 202 238 . 1 58 Thermal . | . . . . . . . Explosive 6 | . . 2 4 . . . Electromagnetic . | . . . . . . . Robot Hit Streak 13 | 6 10 9 13 . 3 6 Robot Miss Streak 7 | 3 6 7 6 . . 4 Penetration Max 1 | . . . 1 . . 1 Secondary Targets 12 | . 1 6 5 . . . Max Gunslinging Chain 1 | . 1 1 1 . . . Shots Hit Robots 472 | 19 54 127 159 60 2 51 Core Hits 180 | 8 23 63 75 . 1 10 Critical Kills 3 | . . 1 1 . . 1 Critical Parts Destroyed 3 | . . 1 1 . . 1 Critical Strikes 6 | . . 2 2 . . 2 Destroy 6 | . . 2 2 . . 2 Melee Attacks 100 | . . . 5 70 4 21 Impact 1 | . . . 1 . . . Slashing 38 | . . . 4 10 3 21 Piercing . | . . . . . . . Sneak Attacks 50 | . . . . 50 . . Combat Hostiles 5 | . . . . 5 . . Follow-up Attacks . | . . . . . . . Damage Inflicted 7292 | 255 661 1864 3491 85 17 919 Guns 6231 | 255 661 1684 2719 . 17 895 Cannons . | . . . . . . . Explosions 916 | . . 180 736 . . . Melee 143 | . . . 34 85 . 24 Ramming 2 | . . . 2 . . . Kinetic 6231 | 255 661 1684 2719 . 17 895 Thermal . | . . . . . . . Explosive 916 | . . 180 736 . . . Electromagnetic . | . . . . . . . Impact . | . . . . . . . Slashing 143 | . . . 34 85 . 24 Piercing . | . . . . . . . Highest Corruption 2 | . . . . . 1 2 Average Corruption 1 | . . . . . 1 1 Corruption Purged . | . . . . . . . Corruption Blocked . | . . . . . . . Effects 26 | . . . . . 1 25 Message Errors 2 | . . . . . . 2 Matter Fused 6 | . . . . . . 6 Energy Discharges 9 | . . . . . . 9 Parts Rejected 1 | . . . . . . 1 Data Loss (minor) 4 | . . . . . 1 3 Data Loss (major) 3 | . . . . . . 3 Weapon Failures 1 | . . . . . . 1 Overload Shots . | . . . . . . . Overflow Damage 69 | . . . 24 45 . . Projectiles . | . . . . . . . Explosions 24 | . . . 24 . . . Melee 45 | . . . . 45 . . Knockbacks . | . . . . . . . Impact . | . . . . . . . Kinetic . | . . . . . . . Secondary . | . . . . . . . Self-Inflicted Damage 174 | . . . 174 . . . Shots 3 | . . . 3 . . . Rammed 1 | . . . 1 . . . Targets Rammed 1 | . . . 1 . . . Kicked . | . . . . . . . Crushed . | . . . . . . . Highest Temperature 380 | . 13 106 380 . . 5 Average Temperature 46 | . 4 23 76 . . 5 Received Heat Transfer 1623 | . 96 540 693 . 99 195 Effects 4 | . . . 4 . . . Shutdowns 1 | . . . 1 . . . Interference 3 | . . . 3 . . . Siege Activations . | . . . . . . . Robots Corrupted . | . . . . . . . Combat Hostiles . | . . . . . . . Parts Fried . | . . . . . . . Impact Corruptions . | . . . . . . . Robots Melted . | . . . . . . . Combat Hostiles . | . . . . . . . Parts Melted . | . . . . . . . Heat Transferred . | . . . . . . . Parts Sabotaged 10 | . . . . . . 10 Parts Stolen . | . . . . . . . Parts Stripped . | . . . . . . . Power Chain Reactions . | . . . . . . . Alert | -11 -10 -9 -8 -8 -7 -7 ------- Run | Yrd Mat Mat Mat Gar Fac Gar Peak Influence 1643 | 35 241 561 904 1172 936 1643 Initial 615 | . 22 61 208 588 615 592 Average 537 | 14 118 271 498 841 703 934 Maximum Alert Level 5 | . 1 2 3 4 3 5 Low Security (%) 22 | 100 80 41 . . . . Level 1 18 | . 19 36 37 . . . Level 2 25 | . . 22 46 17 63 19 Level 3 27 | . . . 15 79 36 53 Level 4 6 | . . . . 2 . 26 Level 5 . | . . . . . . . High Security . | . . . . . . . Max Security . | . . . . . . . Squads Dispatched 20 | . 3 2 10 . 5 . Investigation 5 | . 2 . 1 . 2 . Extermination 1 | . . . . . 1 . Reinforcement 9 | . 1 2 6 . . . Assault 3 | . . . 2 . 1 . Garrison 2 | . . . 1 . 1 . Intercept . | . . . . . . . Searches Triggered . | . . . . . . . Construction Impeded 1 | . . . 1 . . . Haulers Reinforced . | . . . . . . . Active Scanning Responses . | . . . . . . . Cargo Convoy Interrupts . | . . . . . . . Stealth | -11 -10 -9 -8 -8 -7 -7 --------- Run | Yrd Mat Mat Mat Gar Fac Gar Distress Signals 11 | . . 6 4 . 1 . Communications Jammed . | . . . . . . . Distress Signals . | . . . . . . . Times Spotted 175 | . 23 41 60 . 18 33 Peak Tracking Total 8 | . 5 5 8 . 7 5 Tactical Retreats 13 | . 2 2 5 . 1 3 Traps | -11 -10 -9 -8 -8 -7 -7 ------- Run | Yrd Mat Mat Mat Gar Fac Gar Traps Triggered 13 | . 2 . . 5 . 6 Indirectly . | . . . . . . . Trap Hack Attempts . | . . . . . . . Triggered . | . . . . . . . Disarmed . | . . . . . . . Reprogrammed . | . . . . . . . Reused . | . . . . . . . Traps Extracted . | . . . . . . . Installed . | . . . . . . . Triggered . | . . . . . . . Machines | -11 -10 -9 -8 -8 -7 -7 ---------- Run | Yrd Mat Mat Mat Gar Fac Gar Machines Disabled 16 | . . 2 4 4 4 2 Max in Single Turn 2 | . . 1 2 1 . 1 Garrison Relay 6 | . . . . 4 . 2 Machines Repaired . | . . . . . . . Machines Dismantled . | . . . . . . . Machines Sabotaged . | . . . . . . . Overloaded Fab Kills . | . . . . . . . Hacking | -11 -10 -9 -8 -8 -7 -7 --------- Run | Yrd Mat Mat Mat Gar Fac Gar Machines Accessed 33 | . 7 7 11 4 3 1 Terminals 28 | . 7 7 8 4 1 1 Fabricators 1 | . . . . . 1 . Repair Stations . | . . . . . . . Recycling Units 2 | . . . 2 . . . Scanalyzers . | . . . . . . . Garrison Access 2 | . . . 1 . 1 . Total Hacks 93 | . 29 18 29 9 7 1 Successful 43 | . 18 6 11 4 3 1 Failed 49 | . 10 12 18 5 4 . Catastrophic 10 | . 1 3 5 1 . . Database Lockouts 1 | . 1 . . . . . Manual 69 | . 23 16 25 1 4 . Terminals 84 | . 29 18 23 9 4 1 Fabricators 2 | . . . . . 2 . Repair Stations . | . . . . . . . Recycling Units 3 | . . . 3 . . . Scanalyzers . | . . . . . . . Garrison Access 4 | . . . 3 . 1 . Terminal Hacks 18 | . 12 1 1 3 . 1 Prototype ID Bank 5 | . 5 . . . . . Open Door 1 | . . . . 1 . . Branch Access Points 1 | . 1 . . . . . Emergency Access Points 1 | . . . . . . 1 Alert Level 1 | . 1 . . . . . Locate Traps 5 | . 3 1 1 . . . Transport Status 1 | . 1 . . . . . Zone Layout 1 | . 1 . . . . . Garrison Registry 1 | . . . . 1 . . Security Stations 1 | . . . . 1 . . Fabricator Hacks . | . . . . . . . Repair Station Hacks . | . . . . . . . Recycling Unit Hacks . | . . . . . . . Scanalyzer . | . . . . . . . Garrison Access Hacks 2 | . . . 1 . 1 . Unlock Access 2 | . . . 1 . 1 . Unauthorized Hacks 23 | . 6 5 9 1 2 . Terminals 20 | . 6 5 7 1 1 . Botnet 20 | . 6 5 7 1 1 . Fabricators 1 | . . . . . 1 . Download 1 | . . . . . 1 . Repair Stations . | . . . . . . . Recycling Units 2 | . . . 2 . . . Reject 1 | . . . 1 . . . Mask 1 | . . . 1 . . . Scanalyzers . | . . . . . . . Garrison Access . | . . . . . . . Data Cores Recovered 2 | . . 1 1 . . . Used 1 | . . . 1 . . . Hacking Detections 30 | . 7 7 9 4 2 1 Full Trace Events 3 | . . . 1 1 1 . Feedback Events . | . . . . . . . Feedback Blocked . | . . . . . . . Robot Schematics Acquired 1 | . . . . . 1 . Robots Built . | . . . . . . . Authchips . | . . . . . . . Time . | . . . . . . . Total Robot Build Rating . | . . . . . . . Part Schematics Acquired . | . . . . . . . Parts Built . | . . . . . . . Authchips . | . . . . . . . Time . | . . . . . . . Total Part Build Rating . | . . . . . . . Parts Repaired . | . . . . . . . Time . | . . . . . . . Parts Recycled . | . . . . . . . Recycled Matter . | . . . . . . . Retrieved Matter . | . . . . . . . Retrieved Components . | . . . . . . . Parts Scanalyzed . | . . . . . . . Part Schematics Acquired . | . . . . . . . Parts Damaged . | . . . . . . . Bothacking | -11 -10 -9 -8 -8 -7 -7 ------------ Run | Yrd Mat Mat Mat Gar Fac Gar Used RIF Installer 1 | . . . . 1 . . Robots Hacked 8 | . . . . . 1 7 Non-combat . | . . . . . . . Combat 8 | . . . . . 1 7 Robot Hacks Applied 8 | . . . . . 1 7 overload_power 1 | . . . . . . 1 amplify_resonance 1 | . . . . . . 1 disable_weapons 1 | . . . . . . 1 streamctrl_high 1 | . . . . . . 1 formatsys_high 4 | . . . . . 1 3 Relay Couplers Released 21 | . . . . 13 . 8 Machine Destruction 21 | . . . . 13 . 8 Attached 6 | . . . . . 1 5 Fabnet Peak Effective % . | . . . . . . . Robots Rewired 20 | . . . . 20 . . Allies Hacked . | . . . . . . . Hacks Repelled . | . . . . . . . Allies | -11 -10 -9 -8 -8 -7 -7 -------- Run | Yrd Mat Mat Mat Gar Fac Gar Total Allies 25 | . . . . 20 1 4 Largest Group 20 | . . . . 20 20 5 Highest-Rated Group 367 | . . . . 367 367 109 Highest-Rated Ally 32 | . . . . 31 32 32 Total Orders 2 | . . . . . 2 . FOLLOW 2 | . . . . . 2 . Ally Attacks 107 | . . . . . 72 35 Total Damage 2272 | . . . . . 1476 796 Kills 22 | . . . . . 16 6 Allies Corrupted . | . . . . . . . Allies Melted . | . . . . . . . Intel | -11 -10 -9 -8 -8 -7 -7 ------- Run | Yrd Mat Mat Mat Gar Fac Gar Robot Analysis Total . | . . . . . . . Derelict Logs Recovered . | . . . . . . . Drone Launches . | . . . . . . . Drone Recoveries . | . . . . . . . Exploration | -11 -10 -9 -8 -8 -7 -7 ------------- Run | Yrd Mat Mat Mat Gar Fac Gar Turns Passed 7776 | 170 1290 1351 1795 959 475 1736 Spaces Moved 4654 | 121 1105 758 1032 647 323 668 Core 26 | 20 . . . . . 6 Treads 634 | . 74 75 3 . . 482 Legs . | . . . . . . . Wheels 3994 | 101 1031 683 1029 647 323 180 Hover . | . . . . . . . Flight . | . . . . . . . Fastest Speed 50 | 50 80 110 115 115 115 130 Average Speed 131 | 84 94 125 129 125 115 225 Slowest Speed 750 | 200 240 240 250 165 115 750 Overloaded Moves . | . . . . . . . Propulsion Burnouts . | . . . . . . . Robots Hopped . | . . . . . . . Cave-ins Triggered . | . . . . . . . Exploration Rate (%) 61 | 5 98 70 86 95 11 65 Regions Visited 6 Branch Regions . Pre-discovered Areas . | . . . . . . . Known Exits Taken 3 | . . 1 1 . 1 . Unknown Exits Taken 2 | 1 1 . . . . . Scrap Searched . | . . . . . . . Spaces Dug 6 | . . . 3 . 3 . Terrain Destroyed 107 | . . 21 81 . 3 2 Melee 6 | . . . 3 . 3 . Projectile 3 | . . . 1 . . 2 AOE 98 | . . 21 77 . . . Terrain Rammed . | . . . . . . . Walls Destroyed . | . . . . . . . Machines Disabled . | . . . . . . . Actions | -11 -10 -9 -8 -8 -7 -7 --------- Run | Yrd Mat Mat Mat Gar Fac Gar Total 5700 | 152 1264 978 1303 788 422 793 Wait 282 | . 76 36 42 35 82 11 Move 4650 | 120 1104 757 1032 646 323 668 Hop . | . . . . . . . Pick Up 96 | 6 16 29 21 16 3 5 Fast Attach 18 | 6 . . 6 . 2 4 Attach 45 | 1 4 16 9 . 2 13 Detach 1 | . . . . . . 1 Swap 74 | 3 7 18 36 5 . 5 Drop 77 | . 9 18 30 16 4 . Fire 337 | 16 48 104 121 . 1 47 Melee 100 | . . . 5 70 4 21 Ram 1 | . . . 1 . . . Kick . | . . . . . . . Crush . | . . . . . . . Escape Stasis 18 | . . . . . . 18 Rewire 1 | . . . . . 1 . Trap . | . . . . . . . Miscellaneous . | . . . . . . . Route ------- -11/Scrapyard -10/Materials (discovered 4 exits: *Mat x3 / *Min) -9/Materials (discovered 3 exits: *Mat x2 / *Min) -8/Materials (discovered 2 exits: *Fac / Gar) -8/Garrison (discovered 3 exits: *Fac x3) -7/Factory (discovered 2 exits: [*Low] / Gar) -7/Garrison (discovered 2 exits: *Fac x2) History --------- Turn | Location | Event 6 | -11/Scrapyard | Discovered new exit (range 15) 171 | -11/Scrapyard | Entered Materials 328 | -10/Materials | Build established: Mutant 551 | -10/Materials | Discovered new exit (range 16) 705 | -10/Materials | Identified exit to Mines 790 | -10/Materials | Central database locked down 852 | -10/Materials | Discovered new exit (range 4) 963 | -10/Materials | Discovered new exit (range 6) 1118 | -10/Materials | Core integrity fell below 50% 1131 | -10/Materials | Lost 3 parts (2n1u) 1461 | -10/Materials | Entered another Materials area 1461 | -9/Materials | Evolved 2 slots: Utility x2 1826 | -9/Materials | Lost 3 parts (1p1n1w) 2046 | -9/Materials | Discovered new exit (range 16) 2068 | -9/Materials | Identified exit to Materials 2155 | -9/Materials | Discovered new exit (range 15) 2179 | -9/Materials | Identified exit to Mines 2502 | -9/Materials | Core integrity fell below 50% 2794 | -9/Materials | Discovered exit to Materials (range 14) 2812 | -9/Materials | Entered another Materials area 2812 | -8/Materials | Evolved 2 slots: Utility x2 3098 | -8/Materials | Build established: Scavenger-Skirmisher 3405 | -8/Materials | Discovered new exit (range 16) 3444 | -8/Materials | Identified exit to Factory 4012 | -8/Materials | First assault squad dispatched 4222 | -8/Materials | Core integrity fell below 50% 4422 | -8/Materials | Build established: Scavenger-Mutant 4510 | -8/Materials | Garrison activated, responded to threat 4607 | -8/Materials | Identified exit to Garrison 4607 | -8/Materials | Entered Garrison 4607 | -8/Garrison | Discovered recently destroyed garrison 4833 | -8/Garrison | Installed Relay Interface Framework 4863 | -8/Garrison | Garrison Relay disabled 5018 | -8/Garrison | Build established: Commander-Mutant 5131 | -8/Garrison | Discovered exit to Factory (range 10) 5169 | -8/Garrison | Garrison Relay disabled 5188 | -8/Garrison | Discovered exit to Factory (range 56) 5188 | -8/Garrison | Discovered exit to Factory (range 73) 5188 | -8/Garrison | Discovered exit to Factory (range 25) 5363 | -8/Garrison | Garrison Relay disabled 5388 | -8/Garrison | Learned Factory security intel 5486 | -8/Garrison | Garrison Relay disabled 5566 | -8/Garrison | Entered Factory 5566 | -7/Factory | Accompanied by 20 allies 5566 | -7/Factory | Evolved 2 slots: Utility x2 5708 | -7/Factory | Discovered new exit (range 19) 5955 | -7/Factory | Lost 9 allies 5966 | -7/Factory | First assault squad dispatched 6015 | -7/Factory | Identified exit to Garrison 6018 | -7/Factory | Lost 3 allies 6041 | -7/Factory | Entered Garrison 6041 | -7/Garrison | Warlord forces raided the area 6041 | -7/Garrison | Accompanied by 5 allies 6071 | -7/Garrison | Lost 3 allies 6109 | -7/Garrison | Triggered checkpoint 6124 | -7/Garrison | Triggered checkpoint 6145 | -7/Garrison | Triggered checkpoint 6181 | -7/Garrison | Triggered checkpoint 6182 | -7/Garrison | Lost 4 allies 6218 | -7/Garrison | Discovered new exit (range 17) 6243 | -7/Garrison | Triggered checkpoint 6338 | -7/Garrison | Lost 3 parts (1n1u1w) 6562 | -7/Garrison | Warlord forces retreated 6720 | -7/Garrison | Build established: Mutant 6875 | -7/Garrison | Identified exit to Factory 7056 | -7/Garrison | Build established: Bothacker-Mutant 7122 | -7/Garrison | Lost 3 allies 7126 | -7/Garrison | Garrison Relay disabled 7377 | -7/Garrison | Discovered exit to Factory (range 15) 7569 | -7/Garrison | Triggered checkpoint 7628 | -7/Garrison | Lost 4 parts (1p2n1w) 7732 | -7/Garrison | Build established: Mutant 7773 | -7/Garrison | Garrison Relay disabled 7777 | -7/Garrison | Self-destructed Last Messages --------------- 07672_ Adv. Visual Processing Unit blown off. 07672_ E-15 Imp destroyed. 07673_ Signal Interpreter blown off. 07673_ E-15 Imp destroyed. 07687_ System corrupted: Matter fused (-8). 07694_ Acquired Power Sword. 07711_ Acquired Arm. Treads. 07715_ Acquired Gauss Rifle. 07734_ Acquired 45 matter. 07759_ ALERT: Garrison interior compromised. 07760_ System corrupted: Substantial component data lost. 07761_ Acquired 16 matter. 07772_ Triggered Alarm Trap. 07772_ An alarm sounds. 07773_ Garrison Relay disabled. 07773_ Relay Coupler [Grunt] tumbles out of relay unit. 07773_ Relay Coupler [Duelist] tumbles out of relay unit. 07773_ Relay Coupler [NC] tumbles out of relay unit. 07773_ Relay Coupler [Duelist] tumbles out of relay unit. 07773_ Relay Coupler [NC] tumbles out of relay unit. Map ----- +----------------------------------------------------+ | ???????????????????# #?????????# #??# #????? | | ???????????????????# #?????????# #??# #????? | | ???????????????????# #?????????## ##??# #????? | | ???????????????????# #??????????####???# #????? | | ???????????????????# #?????????????????# #????? | | ???????????????????# #?????????????????# #????? | | ???????????????????# ###################"+##???? | | ???????????????????# #???? | | ???????????????????# ###"" | | ???????????????????# !%! | | ???????????????????# ############## #### ##= | | ???????????????????# #????????????# #??# ## ! | | ???????????????????# *#????????????# #??# #### | | ???????????????????# %###??????????# #??# #??? | | ???????????????????# #??????????" #??# #???# | | ???????????????????# =% +????????+?" #??# #???? | | ???????????????????# *=#??????????" #??# #???? | | ???????????????????# =%#??????????" #??# #???? | | ???????????????????# ###??????????# #??# #???? | | ???????????????????# #????????????# #??# < #???? | | ???????????????????# s#????????????# #??# #???? | | ???????????????????# s############## #??#####???? | | ???????????????????# #??????????? | | ???????????????????# !! #??????????? | | ???????????????????#/###!!!#### ###+#??????????? | | ???????????????????#%##""@""#????????????????????? | | ?????????????#####?#!########????????????????????? | | ?????????????#// ###/################????????????? | | ?????????????#/=/ * ==! !?????? | | ?????????????#///####### #### ###????????????? | | ?????????????#####?????#####?????????????????????? | | ?????????????????????????????????????????????????? | | | | | | | | | | | | | | | | | | | | | | | | | | | | | | | | | | | | | +----------------------------------------------------+ Best States ------------- Heat Dissipation 62 Energy Generation 17 Energy Capacity 300 Matter Stores 300 Matter Capacity 300 Sight Range 20 Robot Scan Range 15 Terrain Scan Density 10 Armor Coverage 675 Evasion (%) 50 Recoil Reduction 2 Offensive Hacking 10 Relay Coupler Types 4 Relay Coupler Value 53 Item Schematics ----------------- None Robot Schematics ------------------ G-47 Trooper | -7/Factory | Downloaded Fabricated ------------ Nothing Alien Tech Used ----------------- None Achievements -------------- A New Friend Assimilation Complete Error 47 We Are Legion Challenges ------------ None Game ------ Seed GreatSegregatorTelecube Manual? 0 Play Time 01:18:20 Cumulative 91.3 hours Start 2025.03.09 @ 19:06:15 End 2025.03.09 @ 20:24:28 Sessions 1 Manual Loads 0 Difficulty Rogue Special Mode None Game No. 108 Rogue 101 Adventurer 0 Explorer 7 Win Type - Total 2 Types 2/0/0/0/0/0/0/0/0 Lore% 42 Gallery% 42 Achievement% 40 Wizard Run 0 Options --------- Layout 0 ASCII 0 Keyboard 0 Movement Mouse Keybinds 0 Fullscreen 1 Font 24/Smallcaps Map View 76x50 Zoom Use 0% Tactical HUD 1 Map Filters NONE Filters NONE Steam 1 RUN: 78268baf-2dda-4a31-8597-3912ff968131